 Dungeon Crawl Stone Soup version 0.28-a0-2-g643f2454ad (webtiles) character file.

Game seed: 18304590580309044330

3082 IndexError the Frost Mage (level 9, -12/96 HPs)
             Began as an Octopode Ice Elementalist on July 22, 2021.
             Was a Believer of Kikubaaqudgha.
             Mangled by a two-headed ogre (15 damage)
             ... on level 7 of the Dungeon.
             The game lasted 00:23:25 (11386 turns).

IndexError the Frost Mage (OpIE)                   Turns: 11386, Time: 00:23:26

Health: -12/96     AC: 32    Str: 14    XL:     9   Next: 89%
Magic:  24/30      EV:  2    Int: 20    God:    Kikubaaqudgha [**....]
Gold:   280        SH:  0    Dex:  7    Spells: 15/24 levels left

rFire   + + .      SeeInvis +   D - +5 glaive of Duty {freeze, rF+ rCorr Dex-5 SInv}
rCold   . . .      Faith    .   (shield currently unavailable)
rNeg    + + +      Spirit   .   (helmet currently unavailable)
rPois   +          Reflect  .   (no amulet)
rElec   .          Harm     .   f - +6 ring of strength
rCorr   +          Rampage  .   o - ring of willpower
Will    +....      NoTele   +   h - ring of resist corrosion
Stlth   ++........              r - ring of magical power {MP+9}
HPRegen 0.26/turn               u - ring of protection from fire {rF+, !d}
MPRegen 0.22/turn               (no ring)
                                (no ring)
                                (no ring)

@: ice-armoured, tree-form, freezing walls
A: stationary, stasis, torment immunity, boosted hp, almost no armour,
(amphibious), 8 rings, (camouflage 1), (gelatinous body 1), (nimble swimmer 1),
(tentacles)
a: Renounce Religion, Receive Corpses


You were on level 7 of the Dungeon.
You worshipped Kikubaaqudgha.
Kikubaaqudgha was pleased with you.
You were a tree.
You visited 2 branches of the dungeon, and saw 9 of its levels.

You collected 280 gold pieces.

Inventory:

Hand Weapons
 s - a +2 dagger of venom
   (You took it off an orc on level 5 of the Dungeon)
 D - the +5 glaive of Duty (weapon) {freeze, rF+ rCorr Dex-5 SInv}
   (You found it on level 7 of the Dungeon)

   It freezes those it strikes, dealing additional cold damage.
   It can also slow down cold-blooded creatures.
   Dex:       It affects your dexterity (-5).
   rF:        It protects you from fire.
   SInv:      It lets you see invisible.
   rCorr:     It protects you from acid and corrosion.
Missiles
 y - a curare-tipped dart
Armour
 q - a +1 hat (melded)
   (You found it on level 4 of the Dungeon)
Jewellery
 f - a +6 ring of strength (left branch)
   (You found it on level 2 of the Dungeon)
 h - a ring of resist corrosion (on tentacle)
   (You found it on level 2 of the Dungeon)
 o - a ring of willpower (right branch)
   (You found it on level 4 of the Dungeon)
 r - a ring of magical power (on tentacle) {MP+9}
   (You found it on level 4 of the Dungeon)
 u - a ring of protection from fire (on tentacle) {rF+, !d}
   (You found it on level 6 of the Dungeon)
Wands
 l - a wand of polymorph (15)
   (You found it on level 3 of the Dungeon)
 t - a wand of charming (7)
   (You took it off an orc wizard on level 5 of the Dungeon)
 v - a wand of iceblast (2)
   (You found it on level 6 of the Dungeon)
Scrolls
 b - 4 scrolls of fear {unknown}
 e - 3 scrolls of vulnerability {unknown}
 i - 9 scrolls of teleportation {unknown}
 k - 3 scrolls of amnesia {unknown}
 m - a scroll of fog {unknown}
 n - 2 scrolls of magic mapping {unknown}
 p - 2 scrolls of identify {unknown}
 w - a scroll of enchant weapon {unknown}
 A - a scroll of enchant armour {unknown}
 B - a scroll of blinking {unknown}
 C - a scroll of silence {unknown}
Potions
 c - 3 potions of heal wounds {unknown}
 d - 2 potions of mutation {unknown}
 g - a potion of ambrosia {unknown}
 j - 2 potions of might {unknown}
 x - a potion of degeneration {unknown}
 z - a potion of haste {unknown}


   Skills:
 * Level 7.3 Fighting
 - Level 2.0 Dodging
 - Level 2.6 Stealth
 - Level 8.0 Spellcasting
 + Level 2.8 Necromancy
 - Level 8.0 Ice Magic


You had 15 spell levels left.
You knew the following spells:

 Your Spells              Type           Power      Damage    Failure   Level
a - Freeze                Ice            100%       1d11      1%          1
b - Frozen Ramparts       Ice            80%        1d10      1%          3
c - Corpse Rot            Necr/Air       N/A        N/A       8%          2
A - Ozocubu's Armour      Ice            40%        N/A       1%          3

Your spell library contained the following spells:

 Spells                   Type           Power      Damage    Failure   Level
 Pain                     Necr           76%        1d7       2%          1
 Sublimation of Blood     Necr           9%         N/A       4%          2
 Sting                    Tmut/Pois      32%        1d4       9%          1
 Vampiric Draining        Necr           9%         2d7       9%          3
 Poisonous Vapours        Pois/Air       16%        N/A       13%         2
 Wereblood                Tmut           8%         N/A       13%         2
 Hailstorm                Conj/Ice       24%        3d7       16%         4
 Mephitic Cloud           Conj/Pois/Air  8%         N/A       26%         3
 Tukima's Dance           Hex            8%         N/A       26%         3
 Olgreb's Toxic Radiance  Pois           8%         N/A       63%         4
 Passage of Golubria      Tloc           N/A        N/A       63%         4
 Freezing Cloud           Conj/Ice/Air   9%         6-21      63%         5
 Yara's Violent Unravell  Hex/Tmut       4%         3d4       93%         5
 Summon Hydra             Summ           4%         N/A       100%        7


Dungeon Overview and Level Annotations

Branches:
Dungeon (8/15)             Temple (1/1) D:4
   Lair: D:8-11

Altars:
Elyvilon
Hepliaklqana
Kikubaaqudgha
Makhleb
Nemelex Xobeh
Okawaru
Ru
Sif Muna
Trog
Uskayaw
Vehumet
Xom
Yredelemnul
Zin

Shops:
D:2 *   D:3 !

Annotations:
D:6 Maggie


Innate Abilities, Weirdness & Mutations

You are a tree.
Your roots penetrate the ground, keeping you stationary.
You cannot be teleported.
You are immune to unholy pain and torment.
Your maximum health is greatly increased.
You cannot wear most types of armour.
((You are amphibious.))
You can wear up to eight rings at the same time.
((Your skin changes colour to match your surroundings (Stealth+).))
((Your rubbery body absorbs attacks. (AC +1, EV +1)))
((You are camouflaged near water. (Stealth+)))
((You have tentacles for arms and can constrict up to eight enemies at once.))


Message History

The wall freezes the necrophage.
The wall freezes the black bear.
The black bear bites you!
The black bear claws you but does no damage. x2
The necrophage resists.
The wall freezes the necrophage.
You take 11 damage, and have 52/63 hp.
You slash the black bear! You freeze the black bear.
Kikubaaqudgha accepts your kill.
The necrophage completely resists.
The wall freezes the necrophage but does no damage.
The necrophage resists.
The wall freezes the necrophage.
The necrophage hits you but does no damage.
Your Fighting skill increases to level 7!
You slash the necrophage! You freeze the necrophage.
Your grab misses the necrophage.
The necrophage resists.
The wall freezes the necrophage.
Kikubaaqudgha accepts your kill.
No target in view!
No target in view!
The frozen ramparts melt away.
Your icy armour starts to melt.
Your icy armour evaporates.
You see here a black bear corpse.
Done exploring.
Health restored: 64; MP restored: 30 Done exploring.
Done exploring.
Done exploring.
Done exploring.
There is a stone staircase leading down here.
Options error: Bad channel -- pray (HDAMessageColors.rc:28) Options error: Bad channel -- food (HDAMessageColors.rc:31) Options error: Bad channel -- rotten_meat (HDAMessageColors.rc:48) Options error: Bad object type '%}\|' for autopickup. (HilariousDeathArtist.rc:711) Welcome back, IndexError the Octopode Ice Elementalist.
Kikubaaqudgha says: Spread unending torment and darkness!
Press ? for a list of commands and other information.
You climb downwards.
There is a stone staircase leading up here.
You climb upwards.
There is a stone staircase leading down here.
There is a stone staircase leading up here.
There is a stone staircase leading down here.
You climb downwards. 2 orcs, an orc warrior, an orc priest and a two-headed ogre come into view.
The orc shouts!
The orc warrior shouts!
The two-headed ogre shouts in stereo!
The orc hits you with a +0 falchion.
The orc priest hits you with a +0 dagger.
The orc hits you with a +0 dagger.
A slime creature comes into view. x2
You hear a shout!
There is a stone staircase leading up here.
You take 5 damage, and have 59/64 hp.
You hear a shout!
The orc hits you but does no damage. The orc priest closely misses you.
The orc barely misses you.
The orc warrior hits you with a +0 war axe.
The two-headed ogre hits you with a +0 giant club!!
The two-headed ogre barely misses you.
You climb upwards.
There is a stone staircase leading down here.
You take 35 damage, and have 24/64 hp.
MASSIVE DAMAGE!!
Cast which spell? (? or * to list)
A film of ice covers your body!
The orc warrior hits you with a +0 war axe.
* * * LOW HITPOINT WARNING * * *
The orc barely misses you.
The orc priest hits you but does no damage.
You take 6 damage, and have 18/64 hp.
You now have 27/30 mp.
Casting: Ozocubu's Armour (safe; 1% risk of failure)
Confirm with . or Enter, or press ? or * to list all spells.
Casting: Frozen Ramparts (safe; 1% risk of failure)
Press: ? - help, Dir - look around, f - activate A stone staircase leading down.
The walls around you are covered in ice.
The wall freezes the orc warrior.
The orc warrior hits you with a +0 war axe!
* * * LOW HITPOINT WARNING * * *
The wall freezes the orc!
Kikubaaqudgha accepts your kill.
The wall freezes the orc!
Kikubaaqudgha accepts your kill.
Kikubaaqudgha is now protecting you from necromantic miscasts and death curses.
The wall freezes the orc priest.
The orc priest hits you but does no damage.
The wall freezes the two-headed ogre.
You take 9 damage, and have 9/64 hp.
You now have 24/30 mp.
Really quaff
a - a potion of lignification {!q}?
Really quaff the potion of lignification?
You turn into a tree.
Your +1 hat melds into your body.
Your roots penetrate the ground.
The wall freezes the orc warrior.
The orc warrior hits you with a +0 war axe.
* * * LOW HITPOINT WARNING * * *
The wall freezes the orc priest!
Kikubaaqudgha accepts your kill.
The wall freezes the two-headed ogre!
The two-headed ogre hits you with a +0 giant club.
* * * LOW HITPOINT WARNING * * *
The two-headed ogre hits you with a +0 giant spiked club!
You die...
Kikubaaqudgha rasps: "You have failed me!
Welcome... death!"

#.## #.# ##.............# ##.
..## #.###..............# ####.
...# #.##...#...........###....
...#####.....##.#................
.#..........###.##.....:#####....
..##.........##.######### #....
..#...........#)# ###..
....#..<.......)###############..
...##.......#..O♣o...............
............###################..
..###.......# #.. ..# #.......#
### ### #########


You could see a two-headed ogre and an orc warrior.

Vanquished Creatures
  A water moccasin (D:5)
  2 ice beasts (D:6)
  3 sky beasts
  3 black bears
  3 necrophages
  3 centaurs
  3 ogres
  3 phantoms
  A kobold brigand (D:7)
  A bullfrog (D:6)
  2 scorpions
  A water moccasin zombie (D:5)
  5 hounds
  2 jellies
  3 bullfrog skeletons
  A gnoll shaman (D:4)
  3 orc priests
  8 iguanas
  4 orc wizards
  A hound skeleton (D:4)
  2 howler monkey zombies (D:7)
  3 gnolls (D:4)
  6 adders
  A shadow imp (D:6)
  An ufetubus (D:4)
  An adder skeleton (D:2)
  An adder zombie (D:5)
  3 worms
  2 dart slugs
  25 orcs
  7 endoplasms
  4 giant cockroaches
  10 goblins
  7 hobgoblins
  4 jackals
  9 kobolds
  6 quokkas
  7 ball pythons
  2 bats
  A frilled lizard (D:2)
  10 rats
165 creatures vanquished.

Notes
Turn   | Place    | Note
-------+----------+-------------------------------------------
     0 | D:1      | IndexError the Octopode Ice Elementalist began the quest
                  | for the Orb.
     0 | D:1      | Reached XP level 1. HP: 11/11 MP: 3/3
    30 | D:1      | HP: 2/11 [dart slug (1)]
    41 | D:1      | HP: 2/11 [endoplasm (1)]
   429 | D:1      | Reached XP level 2. HP: 10/17 MP: 0/5
  1897 | D:2      | Reached XP level 3. HP: 21/21 MP: 3/6
  2006 | D:2      | HP: 5/21 [poisoned by an adder]
  2447 | D:2      | Found a hide-covered altar of Uskayaw.
  2458 | D:2      | Found Woyph's Assorted Antiques.
  2505 | D:2      | Reached skill level 3 in Spellcasting
  2653 | D:2      | Learned a level 3 spell: Frozen Ramparts
  2657 | D:2      | Learned a level 3 spell: Ozocubu's Armour
  2728 | D:2      | Reached XP level 4. HP: 27/27 MP: 1/8
  3195 | D:2      | Found a faded altar of an unknown god.
  3637 | D:3      | Found a white marble altar of Elyvilon.
  3655 | D:3      | Reached skill level 5 in Ice Magic
  3775 | D:3      | Found Louhem's Distillery.
  3939 | D:3      | Reached XP level 5. HP: 19/31 MP: 6/10
  4603 | D:4      | Reached skill level 4 in Spellcasting
  4635 | D:4      | Reached XP level 6. HP: 29/36 MP: 2/12
  4758 | D:4      | Reached skill level 6 in Ice Magic
  5197 | D:4      | Found a staircase to the Ecumenical Temple.
  5205 | Temple   | Entered the Ecumenical Temple
  5342 | Temple   | Became a worshipper of Kikubaaqudgha
  5482 | D:4      | Reached skill level 5 in Spellcasting
  5482 | D:4      | Reached XP level 7. HP: 33/41 MP: 14/14
  6012 | D:5      | Entered Level 5 of the Dungeon
  6583 | D:5      | Reached skill level 7 in Ice Magic
  6717 | D:5      | Found a bloodstained altar of Trog.
  7018 | D:5      | Reached skill level 6 in Spellcasting
  7018 | D:5      | Reached XP level 8. HP: 13/46 MP: 17/17
  7552 | D:4      | HP: 9/46 [phantom (4)]
  7564 | D:4      | HP: 8/46 [phantom (5)]
  7569 | D:4      | HP: 8/46 [phantom (1)]
  7575 | D:4      | HP: 6/46 [phantom (2)]
  8137 | D:5      | Reached skill level 8 in Ice Magic
  8247 | D:5      | Reached skill level 7 in Spellcasting
  8598 | D:6      | Found a sacrificial altar of Ru.
  8697 | D:6      | Noticed Maggie
  8758 | D:6      | Reached skill level 1 in Fighting
  8801 | D:6      | Reached skill level 2 in Fighting
  9081 | D:6      | Reached skill level 3 in Fighting
  9081 | D:6      | Reached XP level 9. HP: 14/56 MP: 20/20
  9415 | D:6      | Reached * piety under Kikubaaqudgha
  9415 | D:6      | Received a gift from Kikubaaqudgha
  9416 | D:6      | Reached skill level 4 in Fighting
  9625 | D:6      | Learned a level 2 spell: Corpse Rot
  9642 | D:6      | Reached skill level 8 in Spellcasting
 10000 | D:6      | Reached skill level 5 in Fighting
 10300 | D:6      | Found a sparkling altar of Nemelex Xobeh.
 10504 | D:7      | Reached skill level 6 in Fighting
 10504 | D:7      | Reached skill level 1 in Necromancy
 10878 | D:7      | Reached skill level 2 in Necromancy
 11073 | D:7      | Identified the +5 glaive of Duty {freeze, rF+ rCorr Dex-5
                  | SInv}
 11249 | D:7      | Reached skill level 7 in Fighting
 11381 | D:8      | Noticed a two-headed ogre
 11385 | D:7      | HP: 9/64 [orc warrior (10)]
 11385 | D:7      | Reached ** piety under Kikubaaqudgha
 11386 | D:7      | HP: 3/96 [two-headed ogre (5)]
 11386 | D:7      | Mangled by a two-headed ogre

Illustrated notes

Levels and vault maps discovered:
D:1:      scummos_arrival_simple_fountains, layout_basic
D:2:      layout_loops_ring, serial_shops, shop,
          hellmonk_ecumenical_altar_heavens_door, basic_altar,
          minmay_divided_ellipse
D:3:      layout_loops_cross, mainiacjoe_overflow_brackets, serial_shops,
          nicolae_shop_trees
D:4:      layout_basic, temple_fountains
D:5:      layout_rooms, lemuel_doored_altar, st_stairs_3, palyth_stone_intersect
D:6:      layout_loops_ring, marbit_many_paths,
          mainiacjoe_overflow_surrounded_room, uniq_maggie
D:7:      layout_rooms, minmay_misc_feat_x
D:8:      layout_loops_ring, cheibriados_altar_2, kennysheep_mini_moat,
          mainiacjoe_overflow_catch_the_wave, serial_shops,
          nicolae_diamond_shop, nicolae_shop_stone, shop,
          nicolae_shop_statue_plus
Temple:   zaba_magenta_temple

Skill      XL: |  1  2  3  4  5  6  7  8  9 |
---------------+----------------------------+-----
Spellcasting   | 3 4 5 6 7 8 |  8.0
Ice Magic      | 5 6 7 8 |  8.0
Fighting       | 3 7 |  7.3
Necromancy     | 2 |  2.8
Dodging        | |  2.0
Stealth        | |  2.6

Action                   |  1- 3 |  4- 6 |  7- 9 || total
-------------------------+-------+-------+-------++-------
Melee: Unarmed           |     4 |       |       ||     4
       Club              |     5 |       |       ||     5
       Constrict         |     8 |    21 |    35 ||    64
       Tentacles         |     8 |    15 |    60 ||    83
       Dagger            |    21 |     9 |   262 ||   292
       Whip              |       |    71 |     2 ||    73
       Glaive            |       |       |     3 ||     3
 Cast: Freeze            |    35 |     9 |       ||    44
       Frozen Ramparts   |     1 |     6 |    27 ||    34
       Ozocubu's Armour  |     1 |     3 |    36 ||    40
  Use: Potion            |       |       |     4 ||     4
 Stab: Sleeping          |    10 |    19 |    15 ||    44
       Distracted        |     1 |       |       ||     1
Armor: Skin              |     5 |     7 |    72 ||    84
Dodge: Dodged            |    26 |    51 |   146 ||   223

Table legend: (Time is in decaauts)
 A = Elapsed time spent in this place.
 B = Non-inter-level travel time spent in this place.
 C = Inter-level travel time spent in this place.
 D = Time resting spent in this place.
 E = Time spent auto-exploring this place.
 F = Levels seen in this place.
 G = Mean time per level.
                   A        B        C        D        E       F      G
               +--------+--------+--------+--------+--------+-----+--------+
         Total |  11411 |  10595 |    816 |    234 |   8685 |   9 | 1267.9 |
       Dungeon |  11253 |  10517 |    736 |    234 |   8628 |   8 | 1406.6 |
        Temple |    157 |     77 |     80 |      0 |     57 |   1 |  157.0 |
               +--------+--------+--------+--------+--------+-----+--------+

Top non-repeatable levels by time:
     D:5: 2171 daAuts
     D:4: 2038 daAuts
     D:6: 2001 daAuts
     D:1: 1843 daAuts
     D:2: 1506 daAuts
     D:7: 870 daAuts
     D:3: 817 daAuts
  Temple: 157 daAuts
     D:8: 4 daAuts

Table legend:
 A = Kills in this place as a percentage of kills in entire the game.
 B = Kills by you in this place as a percentage of kills by you in the entire game.
 C = Kills by friends in this place as a percentage of kills by friends in the entire game.
 D = Other kills in this place as a percentage of other kills in the entire game.
 E = Experience gained in this place as a percentage of experience gained in the entire game.
 F = Experience gained in this place divided by the number of levels of this place that you have seen.
                   A       B       C       D       E      F
               +-------+-------+-------+-------+-------+----------------------
         Total | 100.0 | 100.0 |   N/A |   N/A | 100.0 | 493.9
       Dungeon | 100.0 | 100.0 |   N/A |   N/A | 100.0 | 555.6
               +-------+-------+-------+-------+-------+----------------------
